 Dungeon Crawl Stone Soup version 0.23.2-1-ga50397a6bc (webtiles) character file.

Game seed: 4208386430608010187

242 NochnoyZador the Insei (level 5, -14/38 HPs)
             Began as a Demonspawn Gladiator on May 4, 2019.
             Demolished by an ogre
             ... wielding a +0 giant spiked club
              (26 damage)
             ... on level 4 of the Dungeon.
             The game lasted 00:08:40 (3295 turns).

NochnoyZador the Insei (Demonspawn Gladiator)       Turns: 3295, Time: 00:08:41

Health: -14/38     AC:  4    Str: 14    XL:     5   Next: 81%
Magic:  5/5        EV: 12    Int: 10    God:
Gold:   185        SH:  0    Dex: 15    Spells: 4/4 levels left

rFire    . . .     SeeInvis .     - Unarmed
rCold    + + .     Gourm    .   (no shield)
rNeg     . . .     Faith    +   a - +0 leather armour
rPois    .         Spirit   .   b - +0 helmet
rElec    .         Reflect  .   (no cloak)
rCorr    .         Harm     .   (no gloves)
MR       .....                  (no boots)
Stlth    +.........             m - amulet of faith
HPRegen  0.12/turn              n - ring of protection from cold
MPRegen  0.09/turn              (no ring)

@: no status effects
A: cold resistance 1, spiny 2
a: no special abilities


You were on level 4 of the Dungeon.
You were not hungry.

You visited 1 branch of the dungeon, and saw 4 of its levels.

You collected 185 gold pieces.

Inventory:

Missiles
 g - 124 stones (quivered)
Armour
 a - a +0 leather armour (worn)
 b - a +0 helmet (worn)
Jewellery
 m - an amulet of faith (around neck)
 n - a ring of protection from cold (left hand)
 w - an uncursed amulet of regeneration {unknown}
Wands
 f - a wand of random effects (13)
 o - a wand of digging (3)
 u - a wand of clouds (6)
Scrolls
 e - 2 scrolls of enchant weapon {unknown}
 h - a scroll of immolation {unknown}
 i - 2 scrolls of identify
 l - 4 scrolls of noise {unknown}
 r - a scroll of teleportation {unknown}
 s - a scroll of fear {unknown}
 x - a scroll of amnesia {unknown}
 y - a scroll of magic mapping {unknown}
 z - a scroll of enchant armour {unknown}
Potions
 j - a potion of degeneration {unknown}
 k - 4 potions of curing
 p - 2 potions of brilliance
 q - 2 potions of agility
 t - a potion of berserk rage {unknown}
 v - a potion of lignification
Comestibles
 d - 8 rations


   Skills:
 - Level 2.0 Fighting
 - Level 1.7 Throwing
 - Level 2.6 Dodging
 + Level 6.0 Unarmed Combat


You had 4 spell levels left.
You didn't know any spells.
Your spell library was empty.

Dungeon Overview and Level Annotations

Branches:
Dungeon (4/15)
 Temple: D:4-7

Altars:
Hepliaklqana

Shops:
D:4 *

Annotations:
D:4 Ijyb


Innate Abilities, Weirdness & Mutations

Your flesh is cold resistant. (rC+)
You are mostly covered in sharp spines.


Message History

The jackal bites you.
You see here a +0 club.
The jackal is struck by your spines.
You kill the jackal!
You open the large door.
A goblin and a dart slug come into view.
The goblin shouts!
A jackal comes into view.
The ogre is struck by your spines.
The ogre hits you with a +0 giant spiked club!
* * * LOW HITPOINT WARNING * * *
The jackal barks!
A goblin comes into view.
Ijyb the Twisted Goblin comes into view.
She is carrying a wand of scattershot (7).
Ijyb shouts!
The ogre is struck by your spines. The ogre barely misses you.
You open the door.
The ogre hits you with a +0 giant spiked club!!
Ouch! That really hurt!
You die...

###########
g.g...'...#
.gh...'...#
#...#
##########...#
#..........O.#
#......)...@.#
#+##.....##'##
#.....#...
#.)...#...#
#.....#...#
.##
#.....##+##
... #.....#
.... #.....# .
≈≈≈≈≈#.....#
≈≈


You could see an ogre.

Vanquished Creatures
  Jessica (D:2)
  Natasha (thrice) (D:2)
  An orc wizard (D:2)
  6 adders
  A worm (D:2)
  A dart slug (D:2)
  A leopard gecko (D:1)
  4 orcs (D:2)
  10 bats
  A giant cockroach (D:4)
  8 goblins
  7 hobgoblins
  2 jackals
  2 ball pythons (D:3)
  6 frilled lizards
  8 kobolds
  8 rats
70 creatures vanquished.

Notes
Turn   | Place    | Note
-------+----------+-------------------------------------------
     0 | D:1      | NochnoyZador the Demonspawn Gladiator began the quest for
                  | the Orb.
     0 | D:1      | Reached XP level 1. HP: 16/16 MP: 1/1
   100 | D:1      | Reached skill level 3 in Unarmed Combat
   140 | D:1      | Gained mutation: You are partially covered in sharp spines.
                  | [demonic ancestry]
   140 | D:1      | Reached XP level 2. HP: 13/22 MP: 2/2
   598 | D:2      | Noticed Jessica
   601 | D:2      | Killed Jessica
   601 | D:2      | Reached skill level 4 in Unarmed Combat
   601 | D:2      | Gained mutation: Your flesh is cold resistant. (rC+)
                  | [demonic ancestry]
   601 | D:2      | Reached XP level 3. HP: 27/27 MP: 3/3
   743 | D:2      | Gained mutation: You are mostly covered in sharp spines.
                  | [demonic ancestry]
   743 | D:2      | Reached XP level 4. HP: 3/33 MP: 4/4
  1326 | D:2      | Noticed Natasha
  1333 | D:2      | Killed Natasha
  1433 | D:2      | Reached skill level 5 in Unarmed Combat
  1707 | D:2      | Noticed Natasha
  1714 | D:2      | Killed Natasha
  1714 | D:2      | Reached XP level 5. HP: 23/38 MP: 5/5
  2023 | D:2      | Noticed Natasha
  2032 | D:2      | Killed Natasha
  2580 | D:3      | Reached skill level 6 in Unarmed Combat
  3081 | D:4      | Found a hazy altar of Hepliaklqana.
  3098 | D:4      | Noticed a centaur
  3120 | D:4      | Found Xedghisk's Assorted Antiques.
  3173 | D:4      | Noticed an ogre
  3291 | D:4      | Noticed Ijyb
  3295 | D:4      | Demolished by an ogre

Skill      XL: |  1  2  3  4  5 |
---------------+----------------+-----
Unarmed Combat | 3 4 5 6 |  6.0
Fighting       | |  2.0
Throwing       | |  1.7
Dodging        | |  2.6

Action                   |  1- 3 |  4- 6 || total
-------------------------+-------+-------++-------
Melee: Unarmed           |    80 |    96 ||   176
       Punch             |       |     1 ||     1
Throw: Throwing net      |       |     4 ||     4
  Use: Scroll            |       |     4 ||     4
 Stab: Sleeping          |     1 |     2 ||     3
  Eat: Chunk             |       |     6 ||     6
       Ration            |       |     1 ||     1
Armor: Leather armour    |    31 |    15 ||    46
Dodge: Dodged            |    67 |    51 ||   118
